 Dungeon Crawl Stone Soup version 0.20.1-1-g8b1a95d (webtiles) character file.

84 LarsimusPrime the Covered (level 4, -1/40 HPs)
             Began as a Hill Orc Fighter on Aug 13, 2017.
             Slain by a kobold
             ... wielding a +0 short sword
              (4 damage)
             ... on level 3 of the Dungeon.
             The game lasted 00:12:18 (2696 turns).

LarsimusPrime the Covered (Hill Orc Fighter)        Turns: 2696, Time: 00:12:18

Health: -1/40      AC:  8    Str: 19    XL:     4   Next: 46%
Magic:  4/4        EV:  7    Int:  8    God:
Gold:   160        SH:  9    Dex: 10    Spells: 3/3 levels left

rFire    . . .     SeeInvis .   a - +0 long sword
rCold    . . .     Gourm    .   c - +0 shield
rNeg     . . .     Faith    .   b - +0 scale mail
rPois    +         Spirit   .   y - +0 helmet
rElec    .         Reflect  .   (no cloak)
rCorr    .         Harm     .   (no gloves)
MR       .....                  (no boots)
Stlth    ..........             (no amulet)
Regen    0.2/turn               k - ring of poison resistance
MPRegen  0.1/turn               (no ring)

@: no status effects
A: no striking features
a: no special abilities


You were on level 3 of the Dungeon.
You were not hungry.

You visited 1 branch of the dungeon, and saw 3 of its levels.

You collected 160 gold pieces.

Inventory:

Hand Weapons
 a - a +0 long sword (weapon)
 q - a +0 dagger (quivered)
 s - a +0 dagger
Missiles
 n - 107 stones
 B - 8 tomahawks
Armour
 b - a +0 scale mail (worn)
 c - a +0 shield (worn)
 y - a +0 helmet (worn)
Jewellery
 k - a ring of poison resistance (left hand)
Wands
 v - a wand of confusion (7/48)
Scrolls
 e - a scroll of random uselessness {unknown}
 g - 4 scrolls of identify {unknown}
 i - a scroll of remove curse {unknown}
 l - 2 scrolls of fear {unknown}
 m - 3 scrolls of immolation {unknown}
 x - a scroll of enchant armour {unknown}
Potions
 d - a potion of might
 j - 2 potions of curing {unknown}
 o - a potion of lignification {unknown}
 p - 2 potions of degeneration {unknown}
 t - a potion of agility {unknown}
 u - a potion of ambrosia {unknown}
 w - a potion of heal wounds {unknown}
 z - a potion of brilliance {unknown}
Comestibles
 f - 3 bread rations
 h - a royal jelly
 r - 2 chunks of flesh
 A - a fruit


   Skills:
 + Level 3.9 Fighting
 + Level 3.3 Long Blades
 + Level 4.0 Armour
 * Level 1.2 Dodging
 + Level 3.5 Shields


You had 3 spell levels left.
You didn't know any spells.

Dungeon Overview and Level Annotations

Branches:
Dungeon (3/15)

Altars:
Nemelex Xobeh


Message History

The ogre is heavily wounded.
You block the kobold's attack. The ogre barely misses you.
You riposte.
You barely miss the ogre.
The ogre is heavily wounded.
You block the kobold's attack.
You hit the ogre.
The ogre is heavily wounded.
The ogre barely misses you.
You riposte.
Your shield and scale mail prevent you from hitting the ogre.
The ogre is heavily wounded.
The kobold hits you but does no damage.
You hit the ogre.
The ogre is severely wounded.
The kobold hits you but does no damage. The ogre hits you with a giant club!
Your shield and scale mail prevent you from hitting the ogre.
The ogre is severely wounded.
You block the kobold's attack. The ogre hits you with a giant club!!
* * * LOW HITPOINT WARNING * * *
The kobold hits you with a short sword.
You die...

.# ..# ##.###.#
..# ##...#..#
#.# ##......#
#..# #.....%.#
..# #.......#
### #.....!.#
##. #######
##.....####.....
......#
#.......@O......
......#
#..♣♣♣♣♣.K♣♣♣.#.
......###...♣♣
♣♣..♣
.......).....♣
♣♣♣
......#####.♣.♣
......#######♣♣
..........#♣♣
#########.#.♣♣
#.#..♣


You could see an ogre and a kobold.

Vanquished Creatures
  An adder (D:3)
  3 worms (D:2)
  3 dart slugs
  2 leopard geckos
  4 bats
  A bat zombie (D:1)
  5 giant cockroaches
  9 goblins
  8 hobgoblins
  7 kobolds
  2 quokkas (D:2)
  A ball python zombie (D:1)
  3 frilled lizards (D:1)
  7 rats
56 creatures vanquished.

Vanquished Creatures (others)
  A giant cockroach (D:2)
1 creature vanquished.

Grand Total: 57 creatures vanquished

Notes
Turn   | Place    | Note
-------+----------+-------------------------------------------
     0 | D:1      | LarsimusPrime the Hill Orc Fighter began the quest for the Orb.
     0 | D:1      | Reached XP level 1. HP: 19/19 MP: 1/1
   237 | D:1      | Reached XP level 2. HP: 27/27 MP: 2/2
   737 | D:1      | Reached XP level 3. HP: 29/33 MP: 3/3
  1979 | D:2      | Reached skill level 1 in Dodging
  1979 | D:2      | Reached XP level 4. HP: 40/40 MP: 4/4
  2159 | D:2      | Found a sparkling altar of Nemelex Xobeh.
  2528 | D:3      | Reached skill level 4 in Armour
  2684 | D:3      | Noticed an ogre
  2696 | D:3      | Slain by a kobold

Skill      XL: |  1  2  3  4 |
---------------+-------------+-----
Long Blades    | 3 |  3.3
Dodging        | 1 |  1.2
Armour         | 4 |  4.0
Fighting       | |  3.9
Shields        | |  3.5

Action                   |  1- 3 |  4- 6 || total
-------------------------+-------+-------++-------
Melee: Long sword        |   126 |    57 ||   183
Throw: Stone             |     2 |       ||     2
  Eat: Chunk             |     3 |     3 ||     6
Armor: Scale mail        |    62 |    22 ||    84
Dodge: Dodged            |    43 |    22 ||    65
Block: Shield            |    82 |    40 ||   122
       Rpst.: Long sword |    15 |    14 ||    29
